 Dungeon Crawl Stone Soup version 0.31-a0-1074-g0b22e4e0f1 (webtiles) character file.

Game seed: 573855941170770526

618 Dittersdorf the Covered (level 7, -2/44 HPs)
             Began as a Gargoyle Fighter on Dec 7, 2023.
             Was an Initiate of Gozag.
             Slain by Prince Ribbit (8 damage)
             ... on level 5 of the Dungeon.
             The game lasted 00:06:59 (3525 turns).

Dittersdorf the Covered (Gargoyle Fighter)          Turns: 3525, Time: 00:06:59

Health: -2/44      AC: 14    Str: 21    XL:     7   Next: 45%
Magic:  7/7        EV: 14    Int:  9    God:    Gozag
Gold:   281        SH:  4    Dex:  9    Spells: 6/6 levels left

rFire   . . .        a - +0 flail
rCold   . . .        c - +0 buckler
rNeg    + . .        b - +0 scale mail
rPois   ∞            r - +0 helmet
rElec   +            k - +0 cloak {rCorr}
rCorr   +            (no gloves)
SInv    .            (no boots)
Will    .....        s - amulet of the acrobat Stlth
                     p - +5 ring of evasion
HPRegen 0.27/turn    (no ring)
MPRegen 0.10/turn

%: acrobat
@: no status effects
A: sickness immunity, AC +4, negative energy resistance 1, electricity
resistance, torment resistance 1, petrification resistance
a: Renounce Religion, Potion Petition, Call Merchant, Bribe Branch


You were on level 5 of the Dungeon.
You worshipped Gozag.
Gozag was aware of your devotion.
You visited 2 branches of the dungeon, and saw 6 of its levels.

You collected 373 gold pieces.
You paid 92 gold pieces to Gozag.

Inventory:

Hand Weapons
 a - a +0 flail (weapon)
Missiles
 y - 2 poisoned darts (quivered)
Armour
 b - a +0 scale mail (worn)
 c - a +0 buckler (worn)
 k - a +0 cloak of preservation (worn)
 r - a +0 helmet (worn)
 x - a +0 plate armour
Jewellery
 p - a +5 ring of evasion (left hand)
 s - an amulet of the acrobat (around neck)
Scrolls
 e - a scroll of amnesia {unknown}
 f - a scroll of noise {unknown}
 h - 3 scrolls of teleportation {unknown}
 i - 2 scrolls of identify {unknown}
 j - 3 scrolls of vulnerability {unknown}
 m - a scroll of immolation {unknown}
 t - 2 scrolls of torment {unknown}
 v - a scroll of fear {unknown}
Potions
 d - a potion of might
 g - 5 potions of curing {unknown}
 l - a potion of mutation {unknown}
 n - 2 potions of berserk rage {unknown}
 o - a potion of invisibility {unknown}
 q - 2 potions of resistance {unknown}
 u - a potion of enlightenment {unknown}
 w - a potion of heal wounds {unknown}


   Skills:
 + Level 5.4 Fighting
 + Level 4.2 Maces & Flails
 + Level 5.4 Armour
 + Level 5.3 Shields


You had 6 spell levels left.
You didn't know any spells.
Your spell library contained the following spells:

 Spells                   Type           Power      Damage    Failure   Level
 Ensorcelled Hibernation  Hex/Ice        0%         N/A       88%         2
 Jinxbite                 Hex            0%         N/A       88%         2
 Frozen Ramparts          Ice            0%         1d1       98%         3
 Anguish                  Hex/Necr       0%         N/A       100%        4
 Petrify                  Tmut/Erth      0%         N/A       100%        4
 Metabolic Englaciation   Hex/Ice        0%         N/A       100%        5


Dungeon Overview and Level Annotations

Branches:
Dungeon (5/15)             Temple (1/1) D:4

Altars:
Ashenzari
Cheibriados
Dithmenos
Elyvilon
Gozag
Hepliaklqana
Kikubaaqudgha
Nemelex Xobeh
Okawaru
Ru
Sif Muna
Trog
Uskayaw
Wu Jian
Yredelemnul
Zin
The Shining One

Shops:
D:4 (

Annotations:
D:5 Prince Ribbit


Innate Abilities, Weirdness & Mutations

You are immune to sickness and miasma.
Your stone body is resilient. (AC +4)
You are immune to poison.
You resist negative energy. (rN+)
You are resistant to electric shocks. (rElec)
You are resistant to unholy torment.
You are immune to petrification.


Message History

Prince Ribbit blinks!
Throw: dart (poison)
Press: ? - help, Q - select action, (/) - cycle Shift-Dir - straight line, f/p - Prince Ribbit
Aim: Prince Ribbit (moderately wounded, 25% to hit)
You throw a poisoned dart. The poisoned dart hits Prince Ribbit.
Prince Ribbit is poisoned.
Prince Ribbit is moderately wounded.
y - a poisoned dart Throw: dart (poison)
Press: ? - help, Q - select action, (/) - cycle Shift-Dir - straight line, f/p - Prince Ribbit
Aim: Prince Ribbit (moderately wounded, poisoned, 25% to hit)
You throw a poisoned dart.
The poisoned dart closely misses Prince Ribbit.
You barely miss Prince Ribbit.
Prince Ribbit is moderately wounded.
Prince Ribbit hits you!
You hit Prince Ribbit.
Prince Ribbit is moderately wounded.
Prince Ribbit barely misses you. Prince Ribbit misses you.
You barely miss Prince Ribbit.
Prince Ribbit is moderately wounded.
Prince Ribbit looks more healthy.
Prince Ribbit hits you. x2
You closely miss Prince Ribbit.
Prince Ribbit is moderately wounded.
Prince Ribbit hits you.
* * * LOW HITPOINT WARNING * * *
Prince Ribbit hits you!
* * * LOW HITPOINT WARNING * * *
Prince Ribbit attacks as he pursues you!
You block Prince Ribbit's attack.
You see here a +0 dagger.
Prince Ribbit attacks as he pursues you!
Prince Ribbit completely misses you.
Prince Ribbit asks, "Just a little smooch?"
You block Prince Ribbit's attack.
You see here 2 poisoned darts.
y - 2 poisoned darts Prince Ribbit hits you!
You die...
Your body crumbles into a pile of gold.

....# .#### ###. <# ## ...# .#
.#. .#... .# #.#......# .#
#...>...#.. .# ##.##.##.#.# ##
#........#.###.#.#
#######..##.#...@......#
......#..##.#..#F#######
#####(.....(.........#
....#(......#.##.....#
..........#.#........# #####
....#.......####.....# #.<.# #
#.###....#...........###...#.#
......#.##.#######.###.......#
#.########.# #.#.##.......#


You could see Prince Ribbit.

Vanquished Creatures
  Sigmund (D:2)
  An ogre (D:4)
  A gnoll bouda (D:4)
  Natasha (thrice) (D:2)
  Robin (D:2)
  6 adders
  10 gnolls
  2 ufetubi (D:5)
  3 dart slugs
  2 orcs (D:3)
  5 ball pythons
  4 bats
  9 endoplasms
  4 giant cockroaches
  12 goblins
  9 hobgoblins
  3 jackals (D:4)
  7 kobolds
  4 quokkas
  3 frilled lizards
  7 rats
97 creatures vanquished.

Notes
Turn   | Place    | Note
-------+----------+-------------------------------------------
     0 | D:1      | Dittersdorf the Gargoyle Fighter began the quest for the
                  | Orb.
     0 | D:1      | Reached XP level 1. HP: 14/14 MP: 1/1
   176 | D:1      | Reached XP level 2. HP: 19/19 MP: 2/2
   365 | D:1      | Reached XP level 3. HP: 24/24 MP: 3/3
   540 | D:2      | Noticed Natasha
   652 | D:2      | Killed Natasha
   653 | D:2      | Reached XP level 4. HP: 13/29 MP: 4/4
   661 | D:2      | Noticed Natasha
   919 | D:2      | Killed Natasha
   968 | D:2      | Noticed Natasha
  1004 | D:2      | Killed Natasha
  1005 | D:2      | Reached XP level 5. HP: 25/33 MP: 5/5
  1060 | D:2      | Found a hazy altar of Hepliaklqana.
  1216 | D:2      | Noticed Sigmund
  1326 | D:2      | Killed Sigmund
  1327 | D:2      | Reached XP level 6. HP: 17/39 MP: 6/6
  1530 | D:2      | Noticed Robin
  1573 | D:2      | Killed Robin
  2594 | D:3      | Found a sparkling altar of Nemelex Xobeh.
  2648 | D:3      | Found a faded altar of an unknown god.
  2761 | D:4      | Reached skill level 5 in Fighting
  2761 | D:4      | Reached skill level 5 in Armour
  2761 | D:4      | Reached skill level 5 in Shields
  2861 | D:4      | Reached XP level 7. HP: 44/44 MP: 7/7
  2964 | D:4      | Found Ric Wava's Antique Weapon Shop.
  2971 | D:4      | Found a shadowy altar of Dithmenos.
  2987 | D:4      | Found a staircase to the Ecumenical Temple.
  2996 | Temple   | Entered the Ecumenical Temple
  3001 | Temple   | Became a worshipper of Gozag Ym Sagoz the Greedy
  3277 | D:5      | Entered Level 5 of the Dungeon
  3476 | D:5      | Noticed Prince Ribbit
  3525 | D:5      | Slain by Prince Ribbit

Illustrated notes

Levels and vault maps discovered:
D:1:      dpeg_chamrin_arrival_tetris, layout_basic, nrook_campfire,
          minmay_misc_feat_tiny, minmay_misc_feat_diagonals, item_on_display_a
D:2:      minmay_chambers_of_twos, layout_rooms, basic_altar, uniq_natasha,
          uniq_sigmund, uniq_robin
D:3:      layout_loops_ring, nemelex_xobeh_ov_fountains_minmay,
          hellmonk_ecumenical_altar_heavens_door, kennysheep_cross_bottleneck
D:4:      layout_rooms, grunt_dithmenos_smoke_and_mirrors,
          minmay_temple_entry_tees, serial_shops, shop, kennysheep_small_square
D:5:      layout_loops_cross, minmay_crystal_water, uniq_crazy_yiuf_cottage,
          uniq_prince_ribbit1, uniq_menkaure
Temple:   minmay_freezing_vapour_temple

Skill      XL: |  1  2  3  4  5  6  7 |
---------------+----------------------+-----
Fighting       | 4 5 |  5.4
Armour         | 4 5 |  5.4
Shields        | 4 5 |  5.3
Maces & Flails | 3 4 |  4.2

Action                     |  1- 3 |  4- 6 |  7- 9 || total
---------------------------+-------+-------+-------++-------
  Melee: Flail             |    70 |   214 |   105 ||   389
  Throw: Dart              |       |       |     6 ||     6
         Throwing net      |       |       |     1 ||     1
  Evoke: Wand              |       |    13 |     7 ||    20
 Armour: Scale mail        |    72 |   155 |    77 ||   304
  Dodge: Dodged            |    32 |   155 |   150 ||   337
  Block: Buckler           |    18 |    55 |    39 ||   112

Table legend: (Time is in decaauts)
 A = Elapsed time spent in this place.
 B = Non-inter-level travel time spent in this place.
 C = Inter-level travel time spent in this place.
 D = Time resting spent in this place.
 E = Time spent auto-exploring this place.
 F = Levels seen in this place.
 G = Mean time per level.
                   A        B        C        D        E       F      G
               +--------+--------+--------+--------+--------+-----+--------+
         Total |   3643 |   3521 |    122 |    542 |   1976 |   6 |  607.2 |
       Dungeon |   3632 |   3510 |    122 |    542 |   1976 |   5 |  726.4 |
        Temple |     10 |     10 |      0 |      0 |      0 |   1 |   10.0 |
               +--------+--------+--------+--------+--------+-----+--------+

Top non-repeatable levels by time:
     D:2: 1086 daAuts
     D:1: 968 daAuts
     D:3: 757 daAuts
     D:4: 582 daAuts
     D:5: 237 daAuts
  Temple: 10 daAuts
